 Dungeon Crawl Stone Soup version 0.23.2-33-g5129a83184 (webtiles) character file.

Game seed: 10687142844341305138

103 FishyPogo the Vexing (level 5, 0/37 HPs)
             Began as a Formicid Arcane Marksman on Aug 1, 2019.
             Slain by an orc wizard
             ... wielding a cursed +0 dagger
              (3 damage)
             ... on level 2 of the Dungeon.
             The game lasted 00:44:14 (4245 turns).

FishyPogo the Vexing (Formicid Arcane Marksman)     Turns: 4245, Time: 00:44:14

Health: 0/37       AC:  3    Str: 15    XL:     5   Next: 6%
Magic:  8/8        EV: 12    Int: 13    God:
Gold:   99         SH:  3    Dex: 11    Spells: 5/8 levels left

rFire    . . .     SeeInvis +   a - +0 dagger
rCold    . . .     Gourm    .   j - +0 buckler
rNeg     . . .     Faith    .   e - +0 robe
rPois    .         Spirit   .   (helmet unavailable)
rElec    .         Reflect  .   (no cloak)
rCorr    .         Harm     .   i - +0 pair of gloves
MR       .....                  (no boots)
Stlth    ++........             (no amulet)
HPRegen  0.12/turn              (no ring)
MPRegen  0.11/turn              (no ring)

@: no status effects
A: permanent stasis, dig shafts and tunnels, four strong arms, antennae 3
a: Dig, Shaft Self


You were on level 2 of the Dungeon.
You were near starving.

You visited 1 branch of the dungeon, and saw 3 of its levels.

You collected 99 gold pieces.

Inventory:

Hand Weapons
 a - a +0 dagger (weapon)
 b - a +2 hunting sling of freezing
 c - a +0 hunting sling
Missiles
 d - 40 sling bullets
 k - 107 stones (quivered)
Armour
 e - a +0 robe (worn)
 i - a +0 pair of gloves (worn)
 j - a +0 buckler (worn)
Jewellery
 u - an uncursed amulet of the acrobat {unknown}
 v - an uncursed ring of see invisible {unknown}
Scrolls
 h - a scroll of magic mapping
 l - a scroll of identify
 p - a scroll of teleportation {unknown}
 q - a scroll of amnesia {unknown}
 r - a scroll of enchant armour {unknown}
Potions
 g - 2 potions of cancellation {unknown}
 m - 2 potions of curing {unknown}
 o - a potion of flight {unknown}
 s - a potion of agility {unknown}
 t - 2 potions of brilliance {unknown}
Comestibles
 f - 5 rations


   Skills:
 - Level 1.1 Fighting
 + Level 3.2 Slings
 - Level 2.0 Dodging
 * Level 2.3 Stealth
 + Level 1.0 Shields
 - Level 2.0 Spellcasting
 * Level 4.5 Hexes


You had 5 spell levels left.
You knew the following spells:

 Your Spells              Type           Power        Failure   Level  Hunger
a - Corona                Hex            ##.....      5%          1    ##.....
b - Slow                  Hex            ##......     8%          2    ###....

Your spell library contained the following spells:

 Spells                   Type           Power        Failure   Level  Hunger
 Inner Flame              Hex/Fire       #.......     36%         3    ####...
 Portal Projectile        Hex/Tloc       #.....       36%         3    ####...
 Cause Fear               Hex            ##........   45%         4    #####..
 Leda's Liquefaction      Hex/Erth       #.........   78%         4    #####..


Dungeon Overview and Level Annotations

Branches:
Dungeon (3/15)

Altars:
Ashenzari
Kikubaaqudgha

Annotations:
D:3 1 runed translucent door, mishael's ghost, novice MiFi


Innate Abilities, Weirdness & Mutations

You cannot be hasted, slowed, berserked, paralysed or teleported.
You can dig through walls and to a lower floor.
Your four strong arms can wield two-handed weapons with a shield.
You have a pair of large antennae on your head. (SInv)


Message History

The orc wizard is no longer moving slowly.
You hit the orc wizard.
The orc wizard is moderately wounded.
The orc wizard hits you with a cursed +0 dagger.
You barely miss the orc wizard.
The orc wizard is moderately wounded.
The orc wizard casts a spell at you. The puff of frost hits you!
* * * LOW HITPOINT WARNING * * *
You closely miss the orc wizard.
The orc wizard is moderately wounded.
The orc wizard hits you but does no damage.
You hit the orc wizard.
The orc wizard is heavily wounded.
The orc wizard hits you with a cursed +0 dagger.
* * * LOW HITPOINT WARNING * * *
You barely miss the orc wizard.
The orc wizard is heavily wounded.
The orc wizard hits you with a cursed +0 dagger.
You die...

#####.## #........## #.##...
##.....# #........# #.#####
##.....# #........# #.#
##.....####........# #o####
#.........#........### #....#
#.........#..........# ######.#
#.........####.#####.## #..o##.#
#.........####.o####..###.#....#
..........##....@.#....o..#.####
......)....##.....#......##.#
............##....#.....##..#
.............##...#....##..<#
...)..........##..#...##....#
...............##.#..##.....#
..###.####......######......#
#.###.# #......#...#.......#
#..##.# ########._.#######.#


You could see an orc wizard.

Vanquished Creatures
  2 adders
  3 worms
  A dart slug (D:1)
  A leopard gecko (D:2)
  A ball python (D:1)
  10 bats
  6 giant cockroaches
  9 goblins
  6 hobgoblins
  5 jackals
  3 quokkas
  7 frilled lizards
  8 kobolds
  8 rats
70 creatures vanquished.

Notes
Turn   | Place    | Note
-------+----------+-------------------------------------------
     0 | D:1      | FishyPogo the Formicid Arcane Marksman began the quest for
                  | the Orb.
     0 | D:1      | Reached XP level 1. HP: 15/15 MP: 2/2
   687 | D:1      | Reached XP level 2. HP: 17/21 MP: 3/3
   691 | D:1      | Reached skill level 1 in Stealth
   802 | D:1      | Learned a level 2 spell: Slow
  1101 | D:1      | Reached skill level 4 in Hexes
  1122 | D:1      | Reached XP level 3. HP: 25/26 MP: 4/4
  1948 | D:2      | Found an ancient bone altar of Kikubaaqudgha.
  2172 | D:2      | Found a shattered altar of Ashenzari.
  2327 | D:2      | Reached XP level 4. HP: 24/32 MP: 6/6
  3208 | D:3      | Found a runed translucent door.
  3208 | D:3      | Noticed mishael's ghost (novice MiFi)
  3935 | D:3      | Reached XP level 5. HP: 33/37 MP: 6/8
  4027 | D:3      | Found a faded altar of an unknown god.
  4117 | D:3      | Reached skill level 1 in Shields
  4245 | D:2      | Slain by an orc wizard

Skill      XL: |  1  2  3  4  5 |
---------------+----------------+-----
Stealth        | 1 2 |  2.3
Hexes          | 4 |  4.5
Dodging        | 2 |  2.0
Slings         | 3 |  3.2
Spellcasting   | 2 |  2.0
Shields        | 1 |  1.0
Fighting       | |  1.1

Action                   |  1- 3 |  4- 6 || total
-------------------------+-------+-------++-------
Melee: Unarmed           |    13 |       ||    13
       Dagger            |   114 |   131 ||   245
       Hunting sling     |    16 |       ||    16
 Fire: Hunting sling     |    70 |    65 ||   135
Throw: Stone             |       |     4 ||     4
 Cast: Corona            |     1 |       ||     1
       Slow              |     2 |    13 ||    15
  Use: Scroll            |       |     4 ||     4
 Stab: Sleeping          |     1 |     1 ||     2
  Eat: Chunk             |     5 |     5 ||    10
Armor: Robe              |    25 |    23 ||    48
Dodge: Dodged            |    88 |    71 ||   159
Block: Buckler           |    15 |    22 ||    37
